 Dungeon Crawl Stone Soup version 0.17.1-2-g5865329 (webtiles) character file.

7350 FortyThree the Basher (level 11, 0/95 HPs)
             Began as a Hill Orc Fire Elementalist on Feb 4, 2016.
             Was an Elder of Okawaru.
             Slain by a komodo dragon (29 damage)
             ... on level 1 of the Lair of Beasts.
             The game lasted 00:37:49 (14139 turns).

FortyThree the Basher (Hill Orc Fire Elementalist) Turns: 14139, Time: 00:37:49

Health: 0/95       AC:  7    Str: 14    XL:     11   Next: 13%
Magic:  7/15       EV: 16    Int: 16    God:    Okawaru [****..]
Gold:   207        SH:  0    Dex: 14    Spells: 5 memorised, 3 levels left

rFire  . . .     SeeInvis .     J - +3 whip "Pekour" {slash, rC+}
rCold  + . .     Clarity  .     m - +0 robe
rNeg   . . .     SustAt   .     (no shield)
rPois  .         Gourm    .     G - +2 hat
rElec  .         Spirit   .     (no cloak)
rCorr  .         Warding  .     c - +2 pair of gloves {Dex+3}
rMut   .         Stasis   .     (no boots)
MR     .....                    (no amulet)
Stlth  ++........               (no ring)
                                (no ring)

@: not resistant to hostile enchantments, unstealthy
A: no striking features
a: Heroism, Renounce Religion


You were on level 1 of the Lair of Beasts.
You worshipped Okawaru.
Okawaru was greatly pleased with you.
You were near starving.

You visited 2 branches of the dungeon, and saw 11 of its levels.
You also visited: Sewer and Ossuary.

You collected 551 gold pieces.
You spent 344 gold pieces at shops.

Inventory:

Hand Weapons
 o - a +2 whip of venom
 J - the +3 whip "Pekour" (weapon) {slash, rC+}
   (You found it on level 7 of the Dungeon)

   It inflicts extra damage upon your enemies.
   It protects you from cold.
Armour
 c - a +2 pair of gloves of dexterity (worn)
 m - a +0 robe (worn)
 G - a +2 hat (worn)
 I - a troll hide
Wands
 s - a wand of invisibility (9)
 A - a wand of disintegration (12)
 M - a wand of digging (14)
Scrolls
 d - a scroll of teleportation
 j - a scroll of remove curse
 r - a scroll of amnesia
 y - a scroll of fog
 B - 4 scrolls of blinking
 E - 2 scrolls of fear
 H - 7 scrolls of identify
 K - 2 scrolls of magic mapping
Potions
 g - a potion of brilliance
 h - 5 potions of might
 i - 2 potions of curing
 k - a potion of flight {unknown}
 l - 5 potions of agility
 q - a potion of cure mutation {unknown}
 u - 2 potions of degeneration {unknown}
 w - a potion of mutation {unknown}
 z - 3 potions of heal wounds
 C - 2 potions of magic
 D - a potion of haste {unknown}
 F - a potion of berserk rage {unknown}
 R - a potion of cancellation {unknown}
Books
 b - a book of Flames

   Spells                             Type                      Level
   a - Flame Tongue                   Conjuration/Fire             1
   b - Throw Flame                    Conjuration/Fire             2
   c - Conjure Flame                  Conjuration/Fire             3
   d - Inner Flame                    Hexes/Fire                   3
   e - Sticky Flame                   Conjuration/Fire             4
   f - Fireball                       Conjuration/Fire             5
 n - a Necronomicon

   Spells                             Type                      Level
   a - Haunt                          Necromancy/Summoning         7
   b - Borgnjor's Revivification      Necromancy                   8
   c - Death's Door                   Charms/Necromancy            8
   d - Necromutation                  Transmutation/Necromancy     8
 N - a book of Minor Magic

   Spells                             Type                      Level
   a - Magic Dart                     Conjuration                  1
   b - Blink                          Translocation                2
   c - Call Imp                       Summoning                    2
   d - Repel Missiles                 Charms/Air                   2
   e - Slow                           Hexes                        2
   f - Conjure Flame                  Conjuration/Fire             3
   g - Mephitic Cloud                 Conjuration/Poison/Air       3
 P - a book of Frost

   Spells                             Type                      Level
   a - Freeze                         Ice                          1
   b - Throw Frost                    Conjuration/Ice              2
   c - Ozocubu's Armour               Charms/Ice                   3
   d - Throw Icicle                   Conjuration/Ice              4
   e - Summon Ice Beast               Ice/Summoning                4
   f - Condensation Shield            Ice                          4
Comestibles
 x - 7 meat rations
 Q - 2 fruits


   Skills:
 - Level 8.3 Fighting
 - Level 8.5 Maces & Flails
 - Level 7.0 Dodging
 - Level 1.5 Stealth
 - Level 3.0 Spellcasting
 + Level 7.4 Conjurations
 + Level 7.3 Fire Magic
 - Level 2.3 Invocations


You had 3 spell levels left.
You knew the following spells:

 Your Spells              Type           Power        Failure   Level  Hunger
a - Flame Tongue          Conj/Fire      ####.        1%          1    #......
b - Throw Flame           Conj/Fire      ####..       1%          2    ##.....
c - Conjure Flame         Conj/Fire      ####....     2%          3    ###....
d - Sticky Flame          Conj/Fire      ####....     12%         4    #####..
e - Mephitic Cloud        Conj/Pois/Air  ##......     21%         3    ###....


Dungeon Overview and Level Annotations

Branches:
Dungeon (10/15)            Temple (0/1) D:7            Lair (1/8) D:8
    Orc (0/4) D:9

Altars:
Ashenzari
Elyvilon
Gozag
Okawaru
Ru
Vehumet
Xom
Yredelemnul

Shops:
D:7 (   D:10 [


Message History

Press: ? - help, Shift-Dir - straight line, f - komodo dragon
Aim: a komodo dragon The sticky flame hits the komodo dragon.
The komodo dragon is lightly wounded.
The komodo dragon is covered in liquid flames!
The komodo dragon burns!
The komodo dragon bites you!!
* * * LOW HITPOINT WARNING * * *
The komodo dragon burns!
The komodo dragon burns!
The komodo dragon stops burning.
Casting: Sticky Flame
Confirm with . or Enter, or press ? or * to list all spells.
Aiming: Sticky Flame
Press: ? - help, Shift-Dir - straight line, f/p - komodo dragon
Aim: a komodo dragon (moderately wounded)
The sticky flame hits the komodo dragon.
The komodo dragon appears unharmed.
The komodo dragon is moderately wounded.
The komodo dragon is covered in liquid flames!
The komodo dragon burns!
The komodo dragon bites you!!
You die...

..#.....#.##### #
#....<...###P#####.#
#....#............#
......#...#...#....#
..........#........#
....#.........##..##
..#...#.#...####..#
....$....#...###..##
.....>...##....l@.%#
..)?...##......##
...... ##......#
#.............##
###......##.....#
#...... ......#
#..#... ......P# #.
#.(. ........ . ....
..#....


You could see a komodo dragon (burning).

Vanquished Creatures
  The ghost of FortyThree the Spear-Bearer, a novice MfSk of Okawaru (D:9)
  Pikel (D:4)
  A spiny frog (Lair:1)
  A troll (D:7)
  The ghost of FortyThree the Firebug, an amateur HOFE (D:5)
  7 yaks (D:10)
  A wyvern (D:8)
  A deep elf fighter (D:8)
  A hungry ghost (D:10)
  A hippogriff (D:8)
  An orc warrior (D:7)
  A water moccasin (Lair:1)
  A porcupine (Lair:1)
  2 black bears (D:8)
  A wasp (D:8)
  3 ice beasts
  3 slaves (D:4)
  4 centaurs
  A sky beast (D:8)
  An ogre (D:5)
  4 crocodiles
  A big kobold (D:10)
  6 elf zombies (Ossuary)
  A gnoll sergeant (D:8)
  2 scorpions (D:9)
  A water moccasin skeleton (D:8)
  8 wights
  2 crimson imps
  2 centaur zombies
  A jelly (D:7)
  5 human zombies (Ossuary)
  2 iguanas
  An orc priest (D:4)
  2 hounds (D:10)
  5 orc wizards
  A gnoll shaman (D:8)
  8 worker ants
  3 mummies (Ossuary)
  Robin (D:4)
  10 gnolls
  4 adders
  6 river rats
  3 shadow imps
  2 oozes
  3 worms
  2 adder skeletons
  2 adder zombies
  45 orcs
  17 bats
  6 giant cockroaches
  12 goblins
  11 hobgoblins
  7 jackals
  15 kobolds
  4 quokkas
  12 ball pythons
  3 giant geckos
  A giant gecko skeleton (D:4)
  14 giant newts
  A jackal zombie (D:9)
  A quokka skeleton (D:4)
  2 quokka zombies
  31 rats
304 creatures vanquished.

Vanquished Creatures (others)
  10 fungi
  2 plants (D:8)
12 creatures vanquished.

Grand Total: 316 creatures vanquished

Notes
Turn   | Place    | Note
--------------------------------------------------------------
     0 | D:1      | FortyThree the Hill Orc Fire Elementalist began the quest for the Orb.
     0 | D:1      | Reached XP level 1. HP: 14/14 MP: 3/3
   495 | D:1      | Reached skill level 1 in Fighting
   719 | D:1      | Reached XP level 2. HP: 23/23 MP: 2/4
  1160 | D:1      | Reached XP level 3. HP: 29/29 MP: 1/5
  2122 | D:3      | Reached XP level 4. HP: 26/38 MP: 0/6
  2640 | D:3      | Reached XP level 5. HP: 46/46 MP: 0/7
  2742 | D:3      | Found a basalt altar of Yredelemnul.
  2742 | D:3      | Found a white marble altar of Elyvilon.
  2744 | D:3      | Found a shattered altar of Ashenzari.
  2774 | D:3      | Reached skill level 4 in Fighting
  3077 | D:3      | Learned a level 2 spell: Throw Flame
  3081 | D:3      | Learned a level 3 spell: Conjure Flame
  3098 | D:3      | Found a sacrificial altar of Ru.
  3288 | D:4      | Noticed Robin
  3310 | D:4      | Killed Robin
  3649 | D:4      | Noticed a slave
  3649 | D:4      | Noticed a slave
  3650 | D:4      | Noticed a slave
  3677 | D:4      | Killed a slave
  3709 | D:4      | Killed a slave
  3954 | D:4      | Reached XP level 6. HP: 46/55 MP: 3/8
  4098 | D:4      | Noticed Pikel
  4098 | D:4      | Noticed a slave
  4147 | D:4      | Killed a slave
  4251 | D:4      | Killed Pikel
  4251 | D:4      | Reached skill level 6 in Fighting
  4251 | D:4      | Reached skill level 5 in Conjurations
  4251 | D:4      | Reached XP level 7. HP: 35/64 MP: 2/9
  4765 | D:5      | Entered Level 5 of the Dungeon
  5093 | D:5      | Reached XP level 8. HP: 44/71 MP: 8/11
  5237 | D:5      | Reached skill level 5 in Fire Magic
  5345 | D:5      | Found a shimmering altar of Xom.
  5631 | D:5      | Noticed FortyThree's ghost (amateur HOFE)
  5655 | D:5      | Killed FortyThree's ghost
  5661 | D:5      | Learned a level 4 spell: Sticky Flame
  6015 | D:6      | Reached skill level 7 in Fighting
  6224 | D:6      | Found a glowing drain.
  6271 | Sewer    | Entered a sewer
  7130 | D:6      | Found an iron altar of Okawaru.
  7156 | D:6      | Became a worshipper of Warmaster Okawaru
  7444 | D:6      | Reached XP level 9. HP: 79/79 MP: 13/13
  7562 | D:7      | Found a sand-covered staircase.
  7580 | Ossuary  | Entered an ossuary
  7996 | Ossuary  | Reached * piety under Okawaru
  8404 | D:7      | Reached skill level 1 in Invocations
  8645 | D:7      | Found Pimeamp's Weapon Emporium.
  8837 | D:7      | Found a radiant altar of Vehumet.
  8926 | D:7      | Reached ** piety under Okawaru
  8926 | D:7      | Reached skill level 8 in Fighting
  8935 | D:7      | Got an encrusted whip
  8936 | D:7      | Identified the cursed +3 whip "Pekour" {slash, rC+} (You found it on level 7 of the Dungeon)
  8973 | D:7      | Found a staircase to the Ecumenical Temple.
  9470 | D:8      | Reached XP level 10. HP: 51/89 MP: 9/14
  9782 | D:8      | Reached skill level 5 in Maces & Flails
 10164 | D:8      | Learned a level 3 spell: Mephitic Cloud
 10179 | D:8      | Found an opulent altar of Gozag.
 10214 | D:8      | Reached skill level 5 in Dodging
 10503 | D:8      | Found a staircase to the Lair.
 10736 | D:9      | Noticed FortyThree's ghost (novice MfSk)
 10901 | D:8      | Reached *** piety under Okawaru
 10950 | D:9      | Killed FortyThree's ghost
 11721 | D:9      | Found a staircase to the Orcish Mines.
 11918 | D:10     | Entered Level 10 of the Dungeon
 12961 | D:10     | Found Jirud's Armour Emporium.
 12976 | D:10     | Reached **** piety under Okawaru
 13215 | D:10     | Reached XP level 11. HP: 57/95 MP: 8/15
 13608 | D:10     | Bought a +2 pair of gloves of dexterity for 344 gold pieces
 13720 | Lair:1   | Entered Level 1 of the Lair of Beasts
 14139 | Lair:1   | Slain by a komodo dragon

Action                   |  1- 3 |  4- 6 |  7- 9 | 10-12 || total
-------------------------+-------+-------+-------+-------++-------
Melee: Unarmed           |    33 |       |       |       ||    33
       Short sword       |    50 |       |       |       ||    50
       Whip              |    11 |   101 |   439 |   336 ||   887
       Trident           |       |     6 |     3 |       ||     9
 Cast: Flame Tongue      |    50 |    47 |   104 |    12 ||   213
       Conjure Flame     |       |     2 |     6 |     3 ||    11
       Sticky Flame      |       |       |     3 |    30 ||    33
Invok: Heroism           |       |       |       |     2 ||     2
  Use: Scroll            |       |     3 |    15 |     3 ||    21
       Potion            |       |       |     1 |     4 ||     5
 Stab: Sleeping          |     2 |     2 |     6 |       ||    10
  Eat: Chunk             |     5 |     8 |    13 |    18 ||    44
       Pizza             |       |       |     1 |     1 ||     2
       Bread ration      |       |       |     1 |     2 ||     3
       Beef jerky        |       |       |       |     2 ||     2
